 Dungeon Crawl Stone Soup version 0.31-a0-844-gdc52ec4e09 (webtiles) character file.

Game seed: 11126069597798614028

190 LeprechaunX the Changeling (level 5, -1/29 (35) HPs)
             Began as an Octopode Shapeshifter on Sept 28, 2023.
             Slain by Edmund
             ... wielding a +0 dire flail of draining
              (2 damage)
             ... on level 4 of the Dungeon.
             The game lasted 00:01:54 (2404 turns).

LeprechaunX the Changeling (Octopode Shapeshifter)  Turns: 2404, Time: 00:01:54

HP:   -1/29 (35)    AC:  1    Str: 16    XL:     5   Next: 69%
MP:   5/5           EV: 10    Int: 12    God:
Gold: 237           SH:  0    Dex: 11    Spells: 4/4 levels left

rFire   . .          .
                       - Unarmed
rCold   . . .        (no shield)
rNeg    . . .        (helmet currently unavailable)
rPois   .            (no amulet)
rElec   .            (no ring)
rCorr   .            (no ring)
SInv    .            (no ring)
Will    .....        (no ring)
Stlth   ++           (no ring)
HPRegen 0.24/turn    (no ring)
MPRegen 0.09/turn    (no ring)
                     (no ring)

%: no passive effects
@: beast-form, constricted, heavily drained
A: beast (slay +2), almost no armour, amphibious, 8 rings, camouflage 1,
gelatinous body 1, (nimble swimmer 1), tentacles
a: Begin Untransformation


You were on level 4 of the Dungeon.
You were a hulking beast.
You visited 1 branch of the dungeon, and saw 4 of its levels.

You collected 237 gold pieces.

Inventory:

Hand Weapons
 a - a +0 sling
Jewellery
 h - a ring of ice
 r - a ring of willpower
Talismans
 b - a beast talisman (active)
 c - a flux talisman
Wands
 u - a wand of polymorph (2)
 v - a wand of flame (28)
Scrolls
 d - a scroll of torment {unknown}
 f - a scroll of teleportation {unknown}
 g - 3 scrolls of identify {unknown}
 k - 3 scrolls of noise {unknown}
 l - a scroll of amnesia {unknown}
 m - a scroll of fear {unknown}
 n - a scroll of blinking {unknown}
Potions
 e - a potion of heal wounds {unknown}
 i - 3 potions of brilliance {unknown}
 j - 5 potions of mutation {unknown}
 o - a potion of lignification
 p - a potion of berserk rage {unknown}
 q - a potion of resistance {unknown}
 s - a potion of enlightenment {unknown}
 t - a potion of curing {unknown}


   Skills:
 + Level 2.4 Fighting
 + Level 3.0 Dodging
 + Level 3.8 Unarmed Combat
 * Level 4.3 Shapeshifting


You had 4 spell levels left.
You didn't know any spells.
Your spell library contained the following spells:

 Spells                   Type           Power      Damage    Failure   Level
 Apportation              Tloc           0%         N/A       32%         1
 Necrotise                Necr           0%         1d4       32%         1
 Summon Small Mammal      Summ           0%         N/A       32%         1


Dungeon Overview and Level Annotations

Branches:
Dungeon (4/15)
 Temple: D:4-7

Altars:

Annotations:
D:4 Edmund


Innate Abilities, Weirdness & Mutations

You are a hulking beast.
Your limbs bulge with bestial killing power. (Slay +2)
You cannot wear most types of armour.
You are amphibious.
You can wear up to eight rings at the same time.
Your skin changes colour to match your surroundings (Stealth+).
Your rubbery body absorbs attacks. (AC +1, EV +1)
((You are camouflaged when in or above water. (Stealth+)))
You have tentacles for arms and can constrict up to eight enemies at once.


Message History

Edmund is nearby!
Edmund is nearby!
Found a stone staircase leading up.
Edmund shouts!
You hear an angry hiss.
A ball python comes into view.
Edmund closely misses you.
You bludgeon Edmund! Your grab misses Edmund.
Edmund is moderately wounded.
Edmund hits you with a +0 dire flail of draining!
You feel drained.
You barely miss Edmund. You grab Edmund. You squeeze Edmund, but do no damage.
Edmund is moderately wounded.
You constrict Edmund. You tentacle-slap Edmund.
Edmund is moderately wounded.
You constrict Edmund. Edmund barely misses you.
You bludgeon Edmund!
Edmund is heavily wounded.
You constrict Edmund. Edmund barely misses you.
You tentacle-slap Edmund but do no damage.
Edmund is heavily wounded.
You constrict Edmund.
Edmund hits you with a +0 dire flail of draining!
You feel drained.
You are too injured to fight recklessly!
You are too injured to fight recklessly!
You are too injured to fight recklessly!
You are too injured to fight recklessly!
You are too injured to fight recklessly!
You are too injured to fight recklessly!
Unknown command.
You tentacle-slap Edmund.
Edmund is severely wounded.
You constrict Edmund. The ball python misses you. The ball python grabs you.
The ball python constricts you.
Edmund hits you with a +0 dire flail of draining!
* * * LOW HITPOINT WARNING * * *
You feel drained.
You die...
Edmund whines, "They better pay attention to me now!"

###....# ..###.<....###
..#?.........#.
...[...........##
#.?............#
#..........)...## .##....@S#
.......# ........:h####......#
......#..#..........##..
..........###.........# ..#..# .
..........###.........#.... ..
#. .>.......##......†......)# #.
#.##........#....#.........###.
#.........#....#.##.......# #..
##..#......#.......#........###.
....##..†..#....................


You could see Edmund and a ball python.

Vanquished Creatures
  Ijyb (D:4)
  Natasha (thrice) (D:3)
  4 adders
  A worm (D:2)
  An orc (D:4)
  5 endoplasms
  2 giant cockroaches (D:1)
  2 goblins
  2 hobgoblins
  5 jackals
  2 quokkas (D:3)
  6 ball pythons
  2 bats
  A frilled lizard (D:1)
  7 kobolds
  10 rats
54 creatures vanquished.

Notes
Turn   | Place    | Note
-------+----------+-------------------------------------------
     0 | D:1      | LeprechaunX the Octopode Shapeshifter began the quest for
                  | the Orb.
     0 | D:1      | Reached XP level 1. HP: 13/13 MP: 1/1
   159 | D:1      | Reached XP level 2. HP: 18/18 MP: 2/2
   714 | D:2      | Reached XP level 3. HP: 22/23 MP: 3/3
  1282 | D:3      | Noticed Natasha
  1290 | D:3      | Killed Natasha
  1291 | D:3      | Reached XP level 4. HP: 14/29 MP: 4/4
  1609 | D:3      | Noticed Natasha
  1620 | D:3      | Killed Natasha
  1621 | D:3      | Reached skill level 4 in Shapeshifting
  1928 | D:3      | Reached XP level 5. HP: 28/34 MP: 5/5
  2023 | D:3      | Noticed Natasha
  2033 | D:3      | Killed Natasha
  2259 | D:4      | Noticed Ijyb
  2268 | D:4      | Killed Ijyb
  2396 | D:4      | Noticed Edmund
  2404 | D:4      | HP: 1/31 [Edmund/+0 dire flail of draining (10)]
  2404 | D:4      | Slain by Edmund

Illustrated notes

Levels and vault maps discovered:
D:1:      sevenhm_arrival_forest_fort_large_4, layout_basic,
          hangedman_decor_points
D:2:      layout_loops_ring, palyth_stone_intersect
D:3:      layout_loops_corners, uniq_natasha
D:4:      layout_cave_pools, uniq_edmund, uniq_ijyb

Skill      XL: |  1  2  3  4  5 |
---------------+----------------+-----
Fighting       | 2 |  2.4
Shapeshifting  | 4 |  4.3
Dodging        | 3 |  3.0
Unarmed Combat | |  3.8

Action                     |  1- 3 |  4- 6 || total
---------------------------+-------+-------++-------
  Melee: Unarmed           |    65 |    46 ||   111
         Constrict         |    17 |    10 ||    27
         Tentacles         |    10 |     9 ||    19
         Punch             |     3 |       ||     3
   Stab: Sleeping          |    11 |     3 ||    14
 Armour: Skin              |    26 |    14 ||    40
  Dodge: Dodged            |    25 |    18 ||    43

Table legend: (Time is in decaauts)
 A = Elapsed time spent in this place.
 B = Non-inter-level travel time spent in this place.
 C = Inter-level travel time spent in this place.
 D = Time resting spent in this place.
 E = Time spent auto-exploring this place.
 F = Levels seen in this place.
 G = Mean time per level.
                   A        B        C        D        E       F      G
               +--------+--------+--------+--------+--------+-----+--------+
         Total |   2396 |   2296 |    100 |     56 |   1905 |   4 |  599.0 |
       Dungeon |   2396 |   2296 |    100 |     56 |   1905 |   4 |  599.0 |
               +--------+--------+--------+--------+--------+-----+--------+

Top non-repeatable levels by time:
     D:3: 938 daAuts
     D:1: 680 daAuts
     D:2: 598 daAuts
     D:4: 179 daAuts
